 Dungeon Crawl Stone Soup version 0.22-a0-430-g6609fc6 (webtiles) character file.

463 soadsod the Sneak (level 6, -4/46 HPs)
             Began as a Vampire Assassin on May 26, 2018.
             Killed from afar by an orc wizard (7 damage)
             ... with a magic dart
             ... on level 4 of the Dungeon.
             The game lasted 00:13:56 (3817 turns).

soadsod the Sneak (Vampire Assassin)                Turns: 3817, Time: 00:13:56

Health: -4/46      AC:  5    Str: 11    XL:     6   Next: 79%
Magic:  6/6        EV: 13    Int: 13    God:
Gold:   184        SH:  0    Dex: 17    Spells: 5/5 levels left

rFire    + . .     SeeInvis +   j - +0 dagger (freeze)
rCold    + . .     Gourm    .   (no shield)
rNeg     + + .     Faith    .   x - +1 robe {rF+}
rPois    +         Spirit   .   h - +0 helmet
rElec    .         Reflect  .   d - +0 cloak
rCorr    .         Harm     .   (no gloves)
MR       .....                  (no boots)
Stlth    +++++.....             (no amulet)
HPRegen  0.07/turn              (no ring)
MPRegen  0.10/turn              (no ring)

@: regenerating slowly
A: fangs 3, see invisible, unbreathing
a: Bat Form


You were on level 4 of the Dungeon.
You were thirsty.

You visited 1 branch of the dungeon, and saw 4 of its levels.

You collected 184 gold pieces.

Inventory:

Hand Weapons
 a - a +2 short sword of venom
   (You took it off an orc on level 3 of the Dungeon)
 b - a +0 hunting sling
   (You took it off a goblin on level 2 of the Dungeon)
 j - a +0 dagger of freezing (weapon)
   (You took it off Dowan on level 4 of the Dungeon)
 o - a +0 blowgun
 v - a +2 dagger
Missiles
 e - 18 poisoned needles
 f - 2 curare-tipped needles
 i - 8 sling bullets
 p - 23 stones (quivered)
Armour
 d - a +0 cloak (worn)
 h - a +0 helmet (worn)
   (You took it off Robin on level 2 of the Dungeon)
 k - a +0 leather armour
   (You found it on level 1 of the Dungeon)
 x - a +1 robe of fire resistance (worn)
   (You took it off Dowan on level 4 of the Dungeon)
Jewellery
 r - an uncursed ring of magical power {unknown}
   (You took it off a kobold on level 2 of the Dungeon)
Scrolls
 l - 2 scrolls of enchant armour {unknown}
 m - a scroll of immolation {unknown}
 n - 6 scrolls of identify
 q - 3 scrolls of remove curse {unknown}
 s - 2 scrolls of amnesia {unknown}
 y - a scroll of fear {unknown}
Potions
 c - a potion of cancellation {unknown}
 g - 12 potions of blood
 t - a potion of berserk rage {unknown}
 u - 2 potions of flight {unknown}
 w - a potion of lignification {unknown}
 z - 2 potions of mutation {unknown}
 A - a potion of haste {unknown}


   Skills:
 + Level 2.7 Fighting
 + Level 3.8 Short Blades
 + Level 1.5(2.4) Slings
 - Level 3.0(3.2) Throwing
 - Level 2.0 Armour
 - Level 3.0 Dodging
 + Level 7.0 Stealth


You had 5 spell levels left.
You didn't know any spells.
Your spell library was empty.

Dungeon Overview and Level Annotations

Branches:
Dungeon (4/15)
 Temple: D:4-7

Altars:
Kikubaaqudgha
Nemelex Xobeh
Qazlal
Sif Muna
Trog
Xom


Innate Abilities, Weirdness & Mutations

You heal slowly.
You have razor-sharp teeth.
You have supernaturally acute eyesight. (SInv)
You can survive without breathing.


Message History

The dart slug is heavily wounded.
Firing (i - inventory. (/) - cycle)
p - 19 stones (quivered)
Press: ? - help, Shift-Dir - straight line, f/p - dart slug
Aim: a dart slug (heavily wounded)
You shoot a stone. The stone hits the dart slug.
The dart slug is almost dead.
Firing (i - inventory. (/) - cycle)
p - 18 stones (quivered)
Press: ? - help, Shift-Dir - straight line, f/p - dart slug
Aim: a dart slug (almost dead)
You shoot a stone. The stone hits the dart slug.
You kill the dart slug!
Unknown command.
No target in view!
No target in view!
p - 18 stones (gained 1)
p - 19 stones (gained 1) HP restored.
p - 20 stones (gained 1)
n - 2 scrolls of identify (gained 1)
Things that are here:
a dagger x2
q - a scroll labeled HOMIORPH UFAINE
There is an open door here.
Found a stone staircase leading up.
The kobold is too close now for your liking.
Firing (i - inventory. (/) - cycle)
p - 20 stones (quivered)
Press: ? - help, Shift-Dir - straight line, f - kobold
Aim: a kobold, wearing a granite ring (hasn't noticed you)
You shoot a stone. The stone barely misses the kobold.
The kobold shouts!
Firing (i - inventory. (/) - cycle)
p - 19 stones (quivered)
Press: ? - help, Shift-Dir - straight line, f/p - kobold
Aim: a kobold, wearing a granite ring You shoot a stone.
The stone hits the kobold.
The kobold is moderately wounded.
Firing (i - inventory. (/) - cycle)
p - 18 stones (quivered)
Press: ? - help, Shift-Dir - straight line, f/p - kobold
Aim: a kobold, wearing a granite ring (moderately wounded)
You shoot a stone. The stone hits the kobold.
You kill the kobold!
No target in view!
There is an open door here.
p - 18 stones (gained 1);
r - a granite ring You bottle the corpse's blood.
g - 12 potions of blood (gained 1)
p - 19 stones (gained 1)
p - 20 stones (gained 1)
p - 21 stones (gained 1)
You see here a dagger.
p - 22 stones (gained 1)
p - 23 stones (gained 1)
p - 24 stones (gained 1)
You see here a short sword.
You see here a whip.
You see here a whip.
Found a hunting sling.
You now have 71 gold pieces (gained 14).
There is an open door here.
There is an open door here.
There is an open door here.
There is an open door here.
There is an open door here.
Done exploring.
Done exploring.
There is a stone staircase leading down here.
You climb downwards.
There is a stone staircase leading up here.
Found a whip.
There is a stone staircase leading up here.
You climb upwards.
There is a stone staircase leading down here.
The bat is too close now for your liking.
You can't go down here!
Firing (i - inventory. (/) - cycle)
p - 24 stones (quivered)
Press: ? - help, Shift-Dir - straight line, f - bat
Aim: a bat You shoot a stone.
The stone hits the bat.
You kill the bat!
p - 24 stones (gained 1) Done exploring.
There is an open door here.
There is an open door here.
There is an open door here.
There is an open door here.
There is a stone staircase leading down here.
You climb downwards.
There is a stone staircase leading up here.
Found a ration.
There is a stone staircase leading up here.
You climb upwards.
There is a stone staircase leading down here.
There is an open door here.
There is a stone staircase leading down here.
You climb downwards.
A ball python comes into view.
The ball python hisses angrily.
Found a quarterstaff.
There is a stone staircase leading up here.
Firing (i - inventory. (/) - cycle)
p - 24 stones (quivered)
Press: ? - help, Shift-Dir - straight line, f - ball python
Aim: a ball python You shoot a stone.
The stone hits the ball python.
You kill the ball python!
No target in view!
p - 24 stones (gained 1)
A goblin comes into view. It is wielding a club.
Firing (i - inventory. (/) - cycle)
p - 24 stones (quivered)
Press: ? - help, Shift-Dir - straight line, f - goblin
Aim: a goblin, wielding a club (resting)
You shoot a stone.
The stone hits the goblin but does no damage.
The goblin shouts!
Firing (i - inventory. (/) - cycle)
p - 23 stones (quivered)
Press: ? - help, Shift-Dir - straight line, f/p - goblin
Aim: a goblin, wielding a club You shoot a stone.
The stone hits the goblin.
You kill the goblin!
No target in view!
No target in view!
Found a quarterstaff.
s - a scroll labeled SIPUXA AKOKE
p - 23 stones (gained 1)
You see here a club.
p - 24 stones (gained 1)
An orc comes into view. It is wielding a morningstar.
Firing (i - inventory. (/) - cycle)
p - 24 stones (quivered)
Press: ? - help, Shift-Dir - straight line, f - orc
Aim: an orc, wielding a morningstar and wearing a chain mail (hasn't noticed you)
You shoot a stone.
The stone hits the orc but does no damage.
Firing (i - inventory. (/) - cycle)
p - 23 stones (quivered)
Press: ? - help, Shift-Dir - straight line, f/p - orc
Aim: an orc, wielding a morningstar and wearing a chain mail You shoot a stone.
The stone hits the orc but does no damage.
Firing (i - inventory. (/) - cycle)
p - 22 stones (quivered)
Press: ? - help, Shift-Dir - straight line, f/p - orc
Aim: an orc, wielding a morningstar and wearing a chain mail You shoot a stone.
The stone closely misses the orc.
a - a +2 dagger (weapon)
b - a +0 hunting sling (weapon)
a - a +2 dagger (weapon)
The orc hits you but does no damage.
You hit the orc.
The orc is moderately wounded.
You hit the orc but do no damage.
The orc is moderately wounded.
The orc hits you with a morningstar.
You barely miss the orc. You bite the orc, but do no damage.
The orc is moderately wounded.
The orc hits you with a morningstar.
You hit the orc but do no damage.
The orc is moderately wounded.
You barely miss the orc.
The orc is moderately wounded.
The orc closely misses you.
You hit the orc but do no damage.
The orc is moderately wounded.
The orc hits you with a morningstar.
You barely miss the orc.
The orc is moderately wounded.
You hit the orc.
The orc is severely wounded.
The orc barely misses you.
You barely miss the orc.
The orc is severely wounded.
The orc closely misses you.
You hit the orc.
The orc is almost dead.
The orc misses you.
You hit the orc.
You kill the orc!
You now have 80 gold pieces (gained 9).
Things that are here:
a morningstar; a chain mail
p - 22 stones (gained 1) HP restored.
p - 23 stones (gained 1)
p - 24 stones (gained 1)
You now have 85 gold pieces (gained 5).
You see here a whip.
A ball python comes into view.
The helpless ball python fails to defend itself.
You impale the ball python!!
You kill the ball python!
Found a stone staircase leading down.
You see here a quarterstaff.
A frilled lizard comes into view.
The helpless frilled lizard fails to defend itself.
You skewer the frilled lizard like a kebab!!!
You kill the frilled lizard!
You bottle the corpse's blood.
g - 13 potions of blood (gained 1)
A giant cockroach comes into view.
The giant cockroach waves its antennae.
You hit the giant cockroach.
The giant cockroach is moderately wounded.
The giant cockroach bites you but does no damage.
You hit the giant cockroach. Your bite misses the giant cockroach.
The giant cockroach is severely wounded.
The giant cockroach barely misses you.
You barely miss the giant cockroach.
The giant cockroach is severely wounded.
The giant cockroach barely misses you.
You hit the giant cockroach.
The giant cockroach is almost dead.
The giant cockroach bites you.
You closely miss the giant cockroach.
The giant cockroach is almost dead.
The giant cockroach completely misses you.
You hit the giant cockroach.
You kill the giant cockroach!
No target in view!
A bat comes into view.
Yummy - fresh blood!
The helpless bat fails to defend itself.
You spit the bat like a pig!!!
You kill the bat!
No target in view!
You should not fight recklessly!
Found an escape hatch in the ceiling.
No target in view!
There is an escape hatch in the ceiling here.
t - a ruby potion No target in view!
Found a ring mail.
No target in view!
u - a dark potion
Found a dagger.
Found a stone staircase leading down. 3 orcs come into view.
An orc is wielding a short sword of venom.
The orc shouts!
A hobgoblin comes into view. It is wielding a club.
You barely miss the orc. The orc barely misses you.
There are no items here.
The orc shouts!
You hit the orc but do no damage.
You hear a shout!
You hit the orc.
The orc is lightly wounded.
The orc barely misses you.
You hit the orc.
The orc is moderately wounded.
The orc barely misses you.
You hit the orc but do no damage.
The orc is moderately wounded.
The orc barely misses you.
You hit the orc.
The orc is heavily wounded.
The orc hits you but does no damage.
You are poisoned.
You feel sick.
You hit the orc.
You kill the orc!
You hit the orc.
The orc is moderately wounded.
You feel sick. The orc hits you with a flail.
You closely miss the orc.
You kill the orc!
The hobgoblin hits you but does no damage.
Items here: )) [ † a flail; a short sword of venom; a leather armour; an orc corpse You barely miss the hobgoblin.
You feel sick. The orc hits you.
You hit the hobgoblin.
The hobgoblin is severely wounded.
The hobgoblin hits you with a club.
You hit the hobgoblin.
The hobgoblin is almost dead.
The orc hits you. The hobgoblin hits you with a club.
You hit the orc.
The orc is severely wounded.
The orc closely misses you. The hobgoblin closely misses you.
You closely miss the orc.
The orc is severely wounded.
You feel sick. The orc hits you but does no damage. The hobgoblin misses you.
You hit the orc.
You kill the orc!
You hit the hobgoblin.
You kill the hobgoblin!
You feel sick.
Items here: ))) [ † a club; a flail; a short sword of venom; a leather armour; an orc corpse
Found a hunting sling.
Items here: ))) [ † a club; a flail; a short sword of venom; a leather armour; an orc corpse
v - a short sword of venom Wield which item (- for none, * to show all)? (? for menu, Esc to quit)
Your +2 short sword of venom begins to drip with poison!
v - a +2 short sword of venom (weapon)
You feel sick.
You bottle the corpse's blood.
g - 13 potions of blood (gained 1)
Things that are here:
a club; a flail; a leather armour
Things that are here:
a club; a flail; a leather armour You feel sick.
You are no longer poisoned.
Found a spear.
You see here a hunting sling.
A goblin comes into view. It is wielding a club.
The goblin shouts!
A goblin is nearby!
You are too injured to fight recklessly!
You are too injured to fight recklessly!
You are too injured to fight recklessly!
You are too injured to fight recklessly!
Found a scroll of identify.
The goblin hits you with a club.
You hit the goblin.
The goblin is poisoned.
The goblin is moderately wounded.
The goblin hits you with a club.
* * * LOW HITPOINT WARNING * * *
You hit the goblin.
You kill the goblin!
Things that are here:
a club; a goblin corpse Adjust (i)tems, (s)pells, or (a)bilities?
Adjust which item? (? for menu, Esc to quit)
v - a +2 short sword of venom (weapon)
Adjust to which letter? (? for menu, Esc to quit)
a - a +2 short sword of venom (weapon);
v - a +2 dagger You bottle the corpse's blood.
You can't pick that up.
Things that are here:
a potion of blood; a club; a goblin skeleton
g - 14 potions of blood (gained 1)
Things that are here:
a club; a goblin skeleton
n - 3 scrolls of identify (gained 1)
A bat comes into view.
You are too injured to fight recklessly!
You are too injured to fight recklessly!
You are too injured to fight recklessly!
You are too injured to fight recklessly!
Found a stone staircase leading down.
The helpless bat fails to defend itself.
You impale the bat!!
You kill the bat!
You see here a bat corpse.
You bottle the corpse's blood.
g - 15 potions of blood (gained 1)
You see here a bat skeleton.
You start resting.
HP restored.
There is a stone staircase leading down here.
j - 2 blue potions (gained 1)
Found a ration.
Found an escape hatch in the floor.
You see here a ration.
There is an escape hatch in the floor here.
There is an escape hatch in the floor here.
A hobgoblin comes into view. It is wielding a club.
The hobgoblin shouts!
You hit the hobgoblin.
The hobgoblin is heavily wounded.
The hobgoblin hits you with a club.
You hit the hobgoblin but do no damage.
The hobgoblin is heavily wounded.
The hobgoblin hits you with a club.
You hit the hobgoblin.
The hobgoblin is severely wounded.
The hobgoblin hits you with a club.
You hit the hobgoblin.
You kill the hobgoblin!
Things that are here:
a club; a hobgoblin corpse You bottle the corpse's blood.
g - 16 potions of blood (gained 1)
You see here a club. x2
There is a stone staircase leading up here.
There is a stone staircase leading up here.
An adder comes into view.
Found 13 gold pieces.
An orc comes into view. It is wielding a flail.
The adder hisses angrily.
The adder closely misses you.
The orc shouts!
You hit the adder.
The adder is heavily wounded.
The adder closely misses you.
You hit the adder.
You kill the adder!
You hit the orc.
The orc is severely wounded.
The orc hits you with a flail.
You hit the orc.
You kill the orc!
No target in view!
You bottle the corpse's blood.
You can't pick that up.
Things that are here:
a potion of blood; an adder skeleton
g - 17 potions of blood (gained 1)
You see here an adder skeleton.
Things that are here:
a flail; an orc corpse You bottle the corpse's blood.
You can't pick that up.
Things that are here:
a potion of blood; a flail; an orc skeleton
g - 18 potions of blood (gained 1)
Things that are here:
a flail; an orc skeleton You now have 98 gold pieces (gained 13).
There is a stone staircase leading up here.
Found an ancient bone altar of Kikubaaqudgha.
Found a shimmering altar of Xom.
Found a bloodstained altar of Trog.
Found a sparkling altar of Nemelex Xobeh.
Found a stormy altar of Qazlal.
There is an escape hatch in the ceiling here.
Things that are here:
a club; a flail; a leather armour A rat comes into view.
A rat is nearby!
You hit the rat.
You kill the rat!
No target in view!
No target in view!
No target in view!
An adder comes into view.
Found a green potion.
The adder hisses angrily.
You hit the adder.
The adder is poisoned.
The adder is moderately wounded.
The adder barely misses you. The adder bites you but does no damage.
You miss the adder.
The adder is heavily wounded.
The adder misses you.
You hit the adder.
The adder looks as sick as possible!
The adder is severely wounded.
The adder barely misses you.
You hit the adder.
You kill the adder!
No target in view!
No target in view!
You bottle the corpse's blood.
g - 19 potions of blood (gained 1)
w - a green potion A dart slug comes into view.
The dart slug closely misses you.
You hit the dart slug but do no damage.
The dart slug is poisoned.
You hit the dart slug.
You kill the dart slug!
No target in view!
There is a stone staircase leading down here.
You now have 106 gold pieces (gained 8).
Done exploring.
Done exploring.
Unknown command.
Unknown command.
Done exploring.
There is a stone staircase leading down here.
You climb downwards.
A frilled lizard and a skeleton come into view.
Found a spear, 11 gold pieces and a cloak.
There is a stone staircase leading up here.
Found 18 gold pieces and a pink potion.
An ogre comes into view. It is wielding a giant club.
Found a scroll labeled WELLEL QUIZ.
You hit the quokka skeleton.
The quokka skeleton is almost destroyed.
The quokka skeleton misses you.
You hit the quokka skeleton.
You destroy the quokka skeleton!
You have reached level 5!
You feel agile.
The frilled lizard hisses angrily.
The ogre shouts!
You hear a howl!
You hear a shout!
A howler monkey comes into view.
There is a stone staircase leading up here.
The frilled lizard bites you but does no damage.
You climb upwards.
There is a stone staircase leading down here.
You puncture the frilled lizard!
You kill the frilled lizard!
No target in view!
No target in view!
No target in view!
You see here a frilled lizard corpse.
You bottle the corpse's blood.
g - 20 potions of blood (gained 1)
You see here a frilled lizard skeleton.
There is a stone staircase leading down here.
You climb downwards.
There is a stone staircase leading up here.
As you open the door, it creaks loudly!
There is an open door here.
Found 5 large rocks.
There is an open door here.
There is a stone staircase leading up here.
You climb upwards.
There is a stone staircase leading down here.
There is an escape hatch in the floor here.
Unknown command.
Unknown command.
Unknown command.
Unknown command.
There is an escape hatch in the floor here.
There is an escape hatch in the ceiling here.
There is a stone staircase leading down here.
You climb downwards.
A quokka comes into view.
Found five items.
There is a stone staircase leading up here.
The helpless quokka fails to defend itself.
You impale the quokka!!
You kill the quokka!
You now have 119 gold pieces (gained 13).
n - 4 scrolls of identify (gained 1)
n - 5 scrolls of identify (gained 1)
You now have 129 gold pieces (gained 10).
q - 3 scrolls labeled HOMIORPH UFAINE (gained 2)
s - 2 scrolls labeled SIPUXA AKOKE (gained 1) One of your 20 potions of blood rots away.
You open the door.
There is an open door here.
You now have 140 gold pieces (gained 11).
You open the door.
A worm comes into view.
You hit the worm.
The worm is poisoned.
The worm is moderately wounded.
You hit the worm.
The worm looks as sick as possible!
You bite the worm.
The worm is almost dead.
You kill the worm!
No target in view!
No target in view!
There is an open door here.
As you open the door, it creaks loudly!
There is an open door here.
An adder comes into view.
The adder bites you.
You hit the adder.
The adder is poisoned.
Your bite misses the adder.
The adder is moderately wounded.
The adder barely misses you.
The howler monkey howls!
You hit the adder.
The adder looks as sick as possible!
The adder is severely wounded.
The howler monkey hoots and howls with incredible vigour!
The adder bites you.
You are poisoned.
The adder poisons you! The adder misses you.
You hit the adder.
You kill the adder!
You feel sick.
The howler monkey hits you but does no damage.
A giant cockroach comes into view.
The howler monkey closely misses you.
You closely miss the howler monkey. Your bite misses the howler monkey.
The howler monkey closely misses you.
You hit the howler monkey.
The howler monkey is poisoned.
The howler monkey is moderately wounded.
You feel sick. The howler monkey hits you.
You closely miss the howler monkey.
The howler monkey is moderately wounded.
The howler monkey completely misses you.
You hit the howler monkey.
The howler monkey looks as sick as possible!
Your bite misses the howler monkey.
The howler monkey is heavily wounded.
The howler monkey hoots and howls with incredible vigour!
You hear a shout!
You hit the howler monkey.
The howler monkey looks as sick as possible!
The howler monkey is almost dead.
The howler monkey hits you but does no damage.
You hit the howler monkey.
You kill the howler monkey!
You feel sick. The giant cockroach barely misses you.
You hit the giant cockroach.
The giant cockroach is poisoned.
The giant cockroach is heavily wounded.
You kill the giant cockroach!
No target in view!
No target in view!
You see here a giant cockroach corpse.
The giant cockroach corpse doesn't have any blood.
Which direction?
Unknown command.
You feel sick.
Okay, then.
You feel sick.
You are no longer poisoned.
One of your 19 potions of blood rots away.
There is an open door here.
You close the door.
You fail to use your ability.
An ogre opens the door.
You turn into a vampire bat.
Your +2 short sword of venom melds into your body.
Your +0 cloak melds into your body.
Your +0 leather armour melds into your body.
Your +2 short sword of venom stops dripping with poison.
One of your 18 potions of blood rots away.
You can't wield anything in your present form.
Unknown command.
Your transformation has ended.
Your +2 short sword of venom unmelds from your body.
Your +0 cloak unmelds from your body.
Your +0 leather armour unmelds from your body.
Your +2 short sword of venom begins to drip with poison!
Your +2 short sword of venom stops dripping with poison.
b - a +0 hunting sling (weapon)
Firing (i - inventory. (/) - cycle)
p - 24 stones (quivered)
Press: ? - help, Shift-Dir - straight line, f - ogre
Aim: an ogre, wielding a giant club You shoot a stone.
The stone hits the ogre.
The ogre is lightly wounded.
Firing (i - inventory. (/) - cycle)
p - 23 stones (quivered)
Press: ? - help, Shift-Dir - straight line, f/p - ogre
Aim: an ogre, wielding a giant club (lightly wounded)
You shoot a stone. The stone hits the ogre.
The ogre is moderately wounded.
Firing (i - inventory. (/) - cycle)
p - 22 stones (quivered)
Press: ? - help, Shift-Dir - straight line, f/p - ogre
Aim: an ogre, wielding a giant club (moderately wounded)
You shoot a stone. The stone hits the ogre.
The ogre is heavily wounded.
Your +2 short sword of venom begins to drip with poison!
a - a +2 short sword of venom (weapon)
You hit the ogre.
The ogre is poisoned.
The ogre is heavily wounded.
The ogre hits you with a giant club!!
You hit the ogre.
The ogre looks as sick as possible!
The ogre is heavily wounded.
The ogre hits you with a giant club!
* * * LOW HITPOINT WARNING * * *
You kill the ogre!
Training target 3.0 for Dodging reached!
Your base Slings skill increases to level 1!
Your Dodging skill increases to level 3!
You have reached level 6!
Your experience leads to an increase in your attributes!
Increase (S)trength, (I)ntelligence, or (D)exterity?
You feel stronger.
There is an open door here.
One of your 17 potions of blood rots away.
Describe a (M)onster, (S)pell, s(K)ill, (A)bility, (C)ard, (I)tem, (F)eature, (G)od, (B)ranch, c(L)oud or s(T)atus?
Describe a item; partial names and regexps are fine.
Enter a single letter to list items displayed by that symbol.
Describe what?
Describe a (M)onster, (S)pell, s(K)ill, (A)bility, (C)ard, (I)tem, (F)eature, (G)od, (B)ranch, c(L)oud or s(T)atus?
Okay, then.
You see here a giant club.
p - 22 stones (gained 1)
p - 23 stones (gained 1)
You see here a giant club.
There is an open door here.
There is an open door, spattered with blood here.
There is an open door, spattered with blood here.
You see here a giant cockroach corpse.
There is an open door here.
You now have 153 gold pieces (gained 13).
n - 6 scrolls of identify (gained 1)
There is an open door here.
One of your 16 potions of blood rots away.
You now have 164 gold pieces (gained 11).
You now have 182 gold pieces (gained 18).
Dowan, Brother of Duvessa comes into view.
He is wielding a dagger of freezing.
An orc comes into view. It is wielding a hand axe.
You turn into a vampire bat.
Your +2 short sword of venom melds into your body.
Your +0 cloak melds into your body.
Your +0 leather armour melds into your body.
Your +2 short sword of venom stops dripping with poison.
There is a stone staircase leading up here.
Your library has no spells.
You fly upwards.
There is a stone staircase leading down here.
Your transformation has ended.
Your +2 short sword of venom unmelds from your body.
Your +0 cloak unmelds from your body.
Your +0 leather armour unmelds from your body.
Your +2 short sword of venom begins to drip with poison!
You start resting.
Magic restored.
You start resting.
HP restored.
There is an escape hatch in the ceiling here.
There is a stone staircase leading down here.
Unknown command.
Unknown command.
You climb downwards.
Level annotation: Dowan
There is a stone staircase leading up here.
You see here a leather armour.
Found a stone staircase leading down.
An adder and an orc come into view. 2 orcs come into view.
The orc shouts! x4; The adder hisses angrily.
Found 2 gold pieces.
You barely miss the orc. The orc hits you with a club.
You hit the orc.
The orc is poisoned.
The orc is almost dead.
The adder completely misses you.
You hit the adder but do no damage.
The adder is poisoned.
You kill the orc!
The adder bites you but does no damage.
You puncture the adder!
The adder looks as sick as possible!
Your bite misses the adder.
The adder is almost dead.
The adder closely misses you.
You hit the orc but do no damage.
The orc is poisoned.
Your bite misses the orc.
You kill the adder!
The orc hits you with a flail.
You closely miss the orc. The orc barely misses you.
You hit the orc.
The orc is poisoned.
The orc is heavily wounded.
The orc hits you with a flail! The orc closely misses you.
You hit the orc.
The orc is poisoned.
The orc is heavily wounded.
You kill the orc!
The orc hits you with a hand axe!
You barely miss the orc.
You kill the orc!
The orc hits you but does no damage.
You barely miss the orc.
The orc is lightly wounded.
The orc closely misses you.
You barely miss the orc. Your bite misses the orc.
The orc is lightly wounded.
The orc hits you with a flail.
You hit the orc but do no damage.
The orc looks even sicker.
The orc is lightly wounded.
The orc completely misses you.
You barely miss the orc.
The orc is moderately wounded.
You hit the orc.
The orc looks as sick as possible!
The orc is severely wounded.
You kill the orc!
Things that are here:
a flail; a ring mail
Things that are here:
a hand axe; an adder corpse You bottle the corpse's blood.
g - 16 potions of blood (gained 1)
You see here a hand axe.
Things that are here:
a mace; a club; an orc corpse You bottle the corpse's blood.
g - 17 potions of blood (gained 1)
Things that are here:
a mace; a club You start resting.
Duvessa, Sister of Dowan comes into view.
She is wielding a short sword.
You start resting.
Duvessa is too close now for your liking.
Duvessa shouts!
You hear a shout!
Duvessa hits you with a short sword!
You hit Duvessa but do no damage.
Duvessa is poisoned.
You bite Duvessa.
Duvessa is lightly wounded.
Duvessa says, "My weaknesses are his strengths!"
Duvessa barely misses you.
You completely miss Duvessa. You bite Duvessa.
Duvessa is lightly wounded.
You completely miss Duvessa. You bite Duvessa, but do no damage.
Duvessa is lightly wounded.
Duvessa hits you with a short sword.
Dowan mumbles some strange words.
Dowan blinks!
Duvessa says, "Practise, practise, practise!
One day you'll be as good as me." Duvessa misses you.
You hit Duvessa.
Duvessa looks as sick as possible!
Duvessa is moderately wounded.
Duvessa hits you but does no damage.
You barely miss Duvessa. Your bite misses Duvessa.
Duvessa is heavily wounded.
Duvessa hits you with a short sword!
You hit Duvessa but do no damage.
Duvessa looks as sick as possible!
Duvessa is severely wounded.
Duvessa hits you but does no damage.
Your leather armour prevents you from hitting Duvessa.
Duvessa is severely wounded.
Duvessa hits you with a short sword.
You hit Duvessa.
Duvessa looks as sick as possible!
Duvessa is almost dead.
Duvessa closely misses you.
You hit Duvessa.
Duvessa looks as sick as possible!
Duvessa is almost dead.
Duvessa hits you with a short sword!
* * * LOW HITPOINT WARNING * * *
You barely miss Duvessa.
Duvessa is almost dead.
You kill Duvessa!
Dowan screams, "No!
No!"
Dowan seems to find hidden reserves of power!
Training target 3.0 for Throwing reached!
Your Throwing skill increases to level 3!
Dowan hits you with a dagger of freezing.
* * * LOW HITPOINT WARNING * * *
Dowan freezes you.
* * * LOW HITPOINT WARNING * * *
It was a potion of curing.
You feel better. Dowan misses you. Dowan barely misses you.
You hit Dowan.
Dowan is poisoned.
You bite Dowan, but do no damage.
Dowan is lightly wounded.
Dowan misses you.
You feel better. Dowan hits you but does no damage. x2
Okay, then.
You hit Dowan.
Dowan is moderately wounded.
Dowan hits you but does no damage.
You hit Dowan but do no damage.
Dowan looks as sick as possible!
You bite Dowan.
Dowan is moderately wounded.
Dowan barely misses you.
You hit Dowan.
Dowan looks as sick as possible!
Your bite misses Dowan.
Dowan is severely wounded.
Dowan hits you but does no damage. x2
You hit Dowan.
You kill Dowan!
Training target 2.0 for Armour reached!
Your Armour skill increases to level 2!
Your Stealth skill increases to level 7!
u - 2 dark potions (gained 1)
Things that are here:
a dagger of freezing; a runed robe
j - a dagger of freezing
Things that are here:
a short sword; a leather armour You see here a runed robe.
x - a runed robe Wear which item? (? for menu, Esc to quit)
You start removing your armour.
You continue taking off your +0 leather armour. x4
You finish taking off your +0 leather armour.
You start putting on your armour.
You continue putting on your runed robe. x5
You finish putting on your +1 robe of fire resistance.
You feel resistant to fire.
Wear which item? (? for menu, Esc to quit)
You start putting on your armour.
You continue putting on your helmet. x4
You finish putting on your +0 helmet.
Drop what? 24/52 slots (_ for help) (? for menu, Esc to quit)
You drop a +0 robe.
Wield which item (- for none, * to show all)? (? for menu, Esc to quit)
Your +2 short sword of venom stops dripping with poison.
Your +0 dagger of freezing glows with a cold blue light!
j - a +0 dagger of freezing (weapon)
Things that are here:
a short sword; a leather armour Drop what? 23/52 slots (_ for help) (? for menu, Esc to quit)
Okay, then.
There is a stone staircase leading down here.
c - a fizzy grey potion
y - a scroll labeled WELLEL QUIZ
Found a stone staircase leading down.
z - a pink potion Wear which item? (? for menu, Esc to quit)
Okay, then.
You now have 184 gold pieces (gained 2).
You open the door.
A giant cockroach comes into view.
There is an open door here.
A giant cockroach is nearby!
Found a fizzy black potion.
You see here a pink potion.
The giant cockroach closely misses you.
Some of your 17 potions of blood rot away.
You closely miss the giant cockroach.
You bite the giant cockroach, but do no damage.
The giant cockroach barely misses you.
You hit the giant cockroach. You freeze the giant cockroach.
The giant cockroach is almost dead.
The giant cockroach misses you.
You hit the giant cockroach but do no damage.
The giant cockroach is almost dead.
The giant cockroach misses you.
You barely miss the giant cockroach.
The giant cockroach is almost dead.
The giant cockroach closely misses you.
You hit the giant cockroach. You freeze the giant cockroach.
You kill the giant cockroach!
z - 2 pink potions (gained 1)
You see here a giant cockroach corpse.
You are feeling thirsty.
A - a fizzy black potion You open the door.
There is an open door here.
There is an open door here.
You see here a giant cockroach corpse.
There is an open door here.
An adder comes into view.
The adder hisses angrily.
Found a deep blue altar of Sif Muna.
You completely miss the adder. Your bite misses the adder.
The adder bites you but does no damage.
You barely miss the adder. You bite the adder.
You draw the adder's blood!
You feel better.
You feel slightly less thirsty.
The adder is moderately wounded.
The adder completely misses you.
You hit the adder but do no damage. Your bite misses the adder.
The adder is moderately wounded.
The adder bites you but does no damage.
You hit the adder. You freeze the adder.
The adder is severely wounded.
The adder closely misses you.
You hit the adder. You freeze the adder.
You kill the adder! 2 orc wizards come into view.
Found a black book.
Found an escape hatch in the floor.
There is a deep blue altar of Sif Muna here.
You turn into a vampire bat.
Your +0 dagger of freezing melds into your body.
Your +0 cloak melds into your body.
Your +0 helmet melds into your body.
Your +1 robe of fire resistance melds into your body.
Your +0 dagger of freezing stops glowing.
You feel less resistant to fire.
There is an open door here.
The orc wizard shouts!
The orc wizard misses you.
You hit the orc wizard.
You bite the orc wizard, but do no damage.
The orc wizard is lightly wounded.
The orc wizard hits you with a dagger.
You closely miss the orc wizard. You bite the orc wizard.
You draw the orc wizard's blood!
You feel better.
You feel slightly less thirsty.
The orc wizard is lightly wounded.
The orc wizard misses you.
You hit the orc wizard but do no damage.
The orc wizard is lightly wounded.
The orc wizard misses you.
You hit the orc wizard but do no damage.
You bite the orc wizard.
You draw the orc wizard's blood!
You feel slightly less thirsty.
The orc wizard is moderately wounded.
The orc wizard gestures wildly while chanting.
The orc wizard seems to speed up.
The orc wizard hits you with a dagger.
You hit the orc wizard but do no damage.
You bite the orc wizard.
You draw the orc wizard's blood!
You feel better.
The orc wizard is heavily wounded.
The orc wizard closely misses you.
You hit the orc wizard but do no damage.
The orc wizard is heavily wounded.
The orc wizard mumbles some strange words.
The orc wizard blinks!
The orc wizard closely misses you.
There is an escape hatch in the floor here.
You see here Sif Muna's Volume of Cold.
You completely miss the orc wizard. The orc wizard barely misses you.
You hit the orc wizard but do no damage.
The orc wizard casts a spell at you. You resist with some effort.
The orc wizard hits you with a dagger.
You hit the orc wizard but do no damage.
The orc wizard misses you.
You are feeling thirsty.
You barely miss the orc wizard.
The orc wizard mumbles some strange words.
The orc wizard blinks!
The orc wizard hits you with a dagger. The orc wizard hits you with a dagger.
Your transformation has ended.
Your +0 dagger of freezing unmelds from your body.
Your +0 cloak unmelds from your body.
Your +0 helmet unmelds from your body.
Your +1 robe of fire resistance unmelds from your body.
Your +0 dagger of freezing glows with a cold blue light!
You feel resistant to fire. The orc wizard casts a spell at you.
You resist with some effort.
The orc wizard hits you but does no damage.
You hit the orc wizard but do no damage.
The orc wizard is heavily wounded.
The orc wizard barely misses you. The orc wizard hits you with a dagger.
You closely miss the orc wizard. The orc wizard hits you with a dagger.
The orc wizard barely misses you.
You closely miss the orc wizard.
The orc wizard is heavily wounded.
The orc wizard points at you and mumbles some strange words.
The magic dart hits you!
The orc wizard hits you with a dagger. x2
You hit the orc wizard but do no damage.
The orc wizard is heavily wounded.
The orc wizard barely misses you. The orc wizard casts a spell at you.
You resist with some effort.
Unknown command.
You hit the orc wizard. You freeze the orc wizard.
The orc wizard is severely wounded.
The orc wizard barely misses you.
You hit the orc wizard but do no damage.
The orc wizard is severely wounded.
The orc wizard hits you but does no damage.
The orc wizard closely misses you.
You miss the orc wizard. Your bite misses the orc wizard.
The orc wizard is severely wounded.
The orc wizard closely misses you. The orc wizard hits you with a dagger!
* * * LOW HITPOINT WARNING * * *
The orc wizard closely misses you.
You hit the orc wizard but do no damage.
The orc wizard is severely wounded.
The orc wizard gestures at you while chanting.
The magic dart hits you!
* * * LOW HITPOINT WARNING * * *
The orc wizard hits you but does no damage.
You hit the orc wizard but do no damage.
You bite the orc wizard, but do no damage.
The orc wizard is severely wounded.
The orc wizard gestures at you while chanting.
The magic dart hits you!
* * * LOW HITPOINT WARNING * * *
The orc wizard casts a spell at you. The magic dart hits you!
You die...

.........#[.....##....##..#
######.).#............#...#
##..##))>##.....##....#...#
#........##.....##....#...#
#.....................#...#
#.....................#...#
#...##...##..###########..#
##..##...##########..###..#
#............#.≈@o#8..#'..#
#...##...##..#>≈o.'._.....#
##..##...##..#.≈..#8..#...#
##..##...#...######..###..#
#...#....'...#########.#..#
#...#....#...†....'....#..#
###########################


You could see 2 orc wizards.

Vanquished Creatures
  Duvessa (D:4)
  An ogre (D:4)
  Dowan (D:4)
  A howler monkey (D:4)
  Robin (D:2)
  7 adders
  A worm (D:4)
  2 dart slugs
  A leopard gecko (D:2)
  9 orcs
  3 ball pythons
  6 giant cockroaches
  10 goblins
  9 hobgoblins
  8 jackals (D:1)
  A quokka (D:4)
  11 bats
  3 frilled lizards
  9 kobolds
  A quokka skeleton (D:4)
  6 rats
92 creatures vanquished.

Notes
Turn   | Place    | Note
-------+----------+-------------------------------------------
     0 | D:1      | soadsod the Vampire Assassin began the quest for the Orb.
     0 | D:1      | Reached XP level 1. HP: 16/16 MP: 1/1
   113 | D:1      | Reached skill level 2 in Fighting
   113 | D:1      | Reached XP level 2. HP: 21/22 MP: 2/2
   155 | D:1      | Reached skill level 6 in Stealth
   161 | D:1      | HP: 11/22 [jackal (3)]
   480 | D:1      | soadsod: !lg soadsod
   480 | D:1      | beem: 63. soadsod the Jinx (L15 DrEn of Gozag), shot by a naga sharpshooter (bolt) on Snake:2 on 2018-05-26 22:33:34, with 95953 points after 44656 turns and 4:35:08.
   480 | D:1      | soadsod: !lg soadsod -log
   480 | D:1      | beem: 63. soadsod, XL15 DrEn, T:44656: http://crawl.berotato.org/crawl/morgue/soadsod/morgue-soadsod-20180526-223334.txt
   480 | D:1      | soadsod: thanks beem
   652 | D:1      | Reached XP level 3. HP: 27/27 MP: 3/3
   771 | D:2      | Reached skill level 2 in Throwing
   787 | D:2      | Reached skill level 1 in Armour
   861 | D:2      | soadsod: ??vampire reasons
   861 | D:2      | beem: vampire reasons[1/3]: Stealth, stabbing, necromancy, bat form. Stay alive for excellent regen in early game, go bloodless for excellent resists in late game.
   861 | D:2      | soadsod: ??vampire reasons[2
   861 | D:2      | beem: vampire reasons[2/3]: cbtmessages = {[1]="Spill their guts! Feast on their delicious blood!", [2]="I will build my throne out of your skulls!", [3]="Sweet slaughter awaits!", [4]="Murder, murder, murder, murder! Slay them!", [5]="More cattle to feed on!"}
   861 | D:2      | soadsod: ??vampire reasons[3
   861 | D:2      | beem: http://dobrazupa.org/rcfiles/crawl-git/ScarletJ.rc
  1023 | D:2      | Noticed Robin
  1336 | D:2      | Reached skill level 2 in Dodging
  1338 | D:2      | Reached skill level 3 in Short Blades
  1369 | D:2      | Reached XP level 4. HP: 22/33 MP: 4/4
  1395 | D:2      | HP: 11/33 [Robin/short sword (6)]
  1397 | D:2      | Killed Robin
  1507 | D:2      | soadsod: ??assassin reasons
  1507 | D:2      | beem: assassin reasons[1/3]: You are an Enchanter refugee sad about losing invisiblity.
  1507 | D:2      | soadsod: ??assassin reasons[2
  1507 | D:2      | beem: assassin reasons[2/3]: A blowgun basically guarantees you'll get to lair, and getting to lair basically guarantees you'll win the game.
  1507 | D:2      | soadsod: ??assassin reasons[3
  1507 | D:2      | beem: 311/42110 games for * (recent --as): N=311/42110 (0.74%)
  1507 | D:2      | soadsod: ??assassin reasons[3]
  1507 | D:2      | beem: 311/42110 games for * (recent --as): N=311/42110 (0.74%)
  2200 | D:3      | HP: 15/33 [hobgoblin/club (2)]
  2206 | D:3      | HP: 14/33 [poisoned by an orc]
  2214 | D:3      | HP: 15/33 [poisoned by an orc]
  2220 | D:3      | HP: 15/33 [goblin/club (2)]
  2593 | D:3      | Found an ancient bone altar of Kikubaaqudgha.
  2594 | D:3      | Found a shimmering altar of Xom.
  2595 | D:3      | Found a bloodstained altar of Trog.
  2596 | D:3      | Found a sparkling altar of Nemelex Xobeh.
  2599 | D:3      | Found a stormy altar of Qazlal.
  2780 | D:3      | soadsod: !polytheist
  2780 | D:3      | beem: Unwon gods for soadsod: , Ashenzari, Beogh, Dithmenos, Elyvilon, Fedhas, Gozag, Hepliaklqana, Jiyva, Kikubaaqudgha, Lugonu, Makhleb, Nemelex Xobeh, Qazlal, Ru, Sif Muna, Trog, Uskayaw, Vehumet, Wu Jian, Xom, Yredelemnul, Zin
  2816 | D:4      | Noticed an ogre
  2818 | D:4      | Reached XP level 5. HP: 38/38 MP: 5/5
  3123 | D:4      | HP: 16/38 [ogre/giant club (18)]
  3124 | D:4      | HP: 4/38 [ogre/giant club (13)]
  3127 | D:4      | Killed an ogre
  3127 | D:4      | Reached skill level 1 in Slings
  3127 | D:4      | Reached skill level 3 in Dodging
  3127 | D:4      | Reached XP level 6. HP: 5/46 MP: 6/6
  3187 | D:4      | Noticed Dowan
  3567 | D:4      | Noticed Duvessa
  3612 | D:4      | HP: 22/46 [Duvessa/short sword (2)]
  3615 | D:4      | Killed Duvessa
  3615 | D:4      | Reached skill level 3 in Throwing
  3615 | D:4      | HP: 10/46 [Dowan/dagger of freezing (4)]
  3623 | D:4      | Killed Dowan
  3623 | D:4      | Reached skill level 2 in Armour
  3623 | D:4      | Reached skill level 7 in Stealth
  3777 | D:4      | Found a deep blue altar of Sif Muna.
  3801 | D:4      | Identified Sif Muna's Volume of Cold
  3815 | D:4      | HP: 18/46 [orc wizard/dagger (7)]
  3816 | D:4      | HP: 7/46 [orc wizard/magic dart (11)]
  3817 | D:4      | HP: 3/46 [orc wizard/magic dart (4)]
  3817 | D:4      | Killed from afar by an orc wizard

Vault maps used:
D:1:      minmay_arrival_stone_box
D:2:      first_ration, uniq_robin
D:3:      minitemple
D:4:      led_sif_book, uniq_duvessa

Skill      XL: |  1  2  3  4  5  6 |
---------------+-------------------+-----
Fighting       | 2 |  2.7
Stealth        | 6 7 |  7.0
Throwing       | 2 3 |  3.0
Armour         | 1 2 |  2.0
Dodging        | 2 3 |  3.0
Short Blades   | 3 |  3.8
Slings         | 1 |  1.5

Action                   |  1- 3 |  4- 6 || total
-------------------------+-------+-------++-------
Melee: Dagger            |   122 |    82 ||   204
       Bite              |     9 |    18 ||    27
       Short sword       |       |    65 ||    65
       Unarmed           |       |    10 ||    10
 Fire: Hunting sling     |       |    16 ||    16
 Abil: End Transformatio |       |     3 ||     3
       Bat Form          |       |     3 ||     3
  Use: Potion            |     9 |     3 ||    12
       Scroll            |     2 |       ||     2
 Stab: Sleeping          |     9 |     5 ||    14
       Distracted        |     1 |       ||     1
Armor: Robe              |    21 |     4 ||    25
       Leather armour    |    21 |    22 ||    43
Dodge: Dodged            |    83 |    76 ||   159

Table legend:
 A = Spawn XP
 B = Non-spawn XP
 C = Spawn XP percentage of total XP
 D = Spawn monster count
 E = Non-spawn monster count
 F = Spawn count percentage of total count
 G = Total turns spent on level
                    A         B        C        D         E        F      G
               +---------+---------+-------+---------+---------+-------+---------
         Total |       0 |     662 |   0.0 |       0 |      92 |   0.0 |  3817
               +---------+---------+-------+---------+---------+-------+---------
           D:1 |       0 |      44 |   0.0 |       0 |      27 |   0.0 |   744
           D:2 |       0 |      89 |   0.0 |       0 |      29 |   0.0 |  1024
           D:3 |       0 |      63 |   0.0 |       0 |      20 |   0.0 |  1442
           D:4 |       0 |     466 |   0.0 |       0 |      16 |   0.0 |   607
               +---------+---------+-------+---------+---------+-------+---------
